[ AOE2 MATCH · #493833477 ]
UnrankedSlavs vs Persians
Player's team · LOSS
Rival team · WIN
[ REPLAY ANALYSIS · EXTRACTED FROM THE RECORDED GAME ]
Feudal
9:45
Castle
24:59
Imperial
42:01
| APM avg | 46.2 |
| APM peak | 87 |
| eAPM avg | 24.5 |
| Villagers / military | 183 / 103 |
Focus
⚔️ 41.6% · 🌾 58.4%
Archer ×35 · Knight ×28 · Scout Cavalry ×13 · Mangonel ×11 · Militia ×6 · Battering Ram ×4
Feudal
8:26
Castle
30:06
Imperial
—
| APM avg | 25.6 |
| APM peak | 67 |
| eAPM avg | 12.9 |
| Villagers / military | 91 / 25 |
Focus
⚔️ 31.8% · 🌾 68.2%
Knight ×9 · Archer ×4 · Battering Ram ×4 · Scout Cavalry ×4 · Monk ×2 · Scorpion ×1
Match map
Initial resources + every placement click. Lines = walls · curves = elevation contours. ◆ gold · ⬟ stone · ● berries · ✦ relic · ◌ wall gap
Your base· Open — unwalled flank
el mero mero's base· Open — unwalled flank
Smoothed initial terrain · ◌ = detected wall gap · hover for details
Inputs per minute
— jekyll - - el mero mero
Build order — jekyll
First 150 of 485 actions detected
| 0:01 | Create | Villager (Male) |
| 0:01 | Create | Villager (Male) |
| 0:01 | Create | Villager (Male) |
| 0:02 | Create | Villager (Male) |
| 0:03 | Build | House |
| 0:06 | Build | House |
| 1:35 | Create | Villager (Male) |
| 1:35 | Create | Villager (Male) |
| 2:07 | Create | Villager (Male) |
| 2:07 | Create | Villager (Male) |
| 2:07 | Create | Villager (Male) |
| 2:19 | Build | Lumber Camp |
| 2:27 | Create | Villager (Male) |
| 2:27 | Create | Villager (Male) |
| 2:27 | Create | Villager (Male) |
| 3:02 | Create | Villager (Male) |
| 3:02 | Create | Villager (Male) |
| 3:08 | Build | House |
| 3:28 | Create | Villager (Male) |
| 3:29 | Create | Villager (Male) |
| 3:54 | Create | Villager (Male) |
| 3:54 | Create | Villager (Male) |
| 3:54 | Create | Villager (Male) |
| 4:22 | Build | House |
| 4:23 | Create | Villager (Male) |
| 4:23 | Create | Villager (Male) |
| 4:46 | Create | Villager (Male) |
| 4:46 | Create | Villager (Male) |
| 4:47 | Create | Villager (Male) |
| 5:08 | Create | Villager (Male) |
| 5:56 | Create | Villager (Male) |
| 5:58 | Build | Barracks |
| 6:26 | Create | Villager (Male) |
| 6:54 | Research | Loom |
| 7:35 | Research | Feudal Age |
| 7:35 | Research | Feudal Age |
| 7:35 | Research | Feudal Age |
| 8:27 | Build | Mining Camp |
| 8:29 | Create | Militia |
| 8:29 | Create | Militia |
| 8:29 | Create | Militia |
| 8:31 | Create | Militia |
| 8:31 | Create | Militia |
| 8:32 | Create | Militia |
| 8:38 | Build | Mill |
| 8:44 | Build | Mill |
| 9:17 | Build | House |
| 9:36 | Create | Villager (Male) |
| 9:45 | Age | Feudal Age |
| 10:02 | Research | Double-Bit Axe |
| 10:05 | Create | Villager (Male) |
| 10:06 | Create | Villager (Male) |
| 10:25 | Build | Farm |
| 10:27 | Build | Farm |
| 10:39 | Create | Villager (Male) |
| 10:39 | Create | Villager (Male) |
| 10:39 | Create | Villager (Male) |
| 10:42 | Build | Farm |
| 10:54 | Build | House |
| 11:04 | Create | Villager (Male) |
| 11:04 | Create | Villager (Male) |
| 11:04 | Create | Villager (Male) |
| 11:39 | Create | Villager (Male) |
| 11:39 | Create | Villager (Male) |
| 11:47 | Build | Archery Range |
| 12:15 | Create | Villager (Male) |
| 12:34 | Create | Villager (Male) |
| 12:34 | Create | Villager (Male) |
| 12:34 | Create | Villager (Male) |
| 12:36 | Build | Farm |
| 12:36 | Build | Farm |
| 12:37 | Build | Farm |
| 12:37 | Build | Farm |
| 12:37 | Build | Farm |
| 12:37 | Build | Farm |
| 12:49 | Create | Archer |
| 12:49 | Create | Archer |
| 12:49 | Create | Archer |
| 12:49 | Create | Archer |
| 12:50 | Create | Villager (Male) |
| 12:51 | Create | Villager (Male) |
| 12:55 | Build | House |
| 13:01 | Create | Spearman |
| 13:15 | Create | Villager (Male) |
| 13:31 | Create | Villager (Male) |
| 13:31 | Create | Villager (Male) |
| 13:38 | Build | Blacksmith |
| 13:40 | Build | Palisade Wall |
| 13:42 | Create | Villager (Male) |
| 13:42 | Create | Villager (Male) |
| 13:42 | Create | Villager (Male) |
| 14:08 | Build | Palisade Gate |
| 14:11 | Build | Palisade Wall |
| 14:37 | Build | Palisade Gate |
| 14:47 | Research | Town Watch |
| 14:48 | Research | Fletching |
| 14:48 | Research | Fletching |
| 15:00 | Build | Palisade Wall |
| 15:12 | Build | Lumber Camp |
| 15:32 | Create | Villager (Male) |
| 15:32 | Create | Villager (Male) |
| 15:53 | Create | Archer |
| 15:53 | Create | Archer |
| 15:53 | Create | Archer |
| 15:54 | Create | Archer |
| 15:54 | Create | Archer |
| 16:30 | Build | Mill |
| 16:31 | Create | Villager (Male) |
| 16:31 | Create | Villager (Male) |
| 16:42 | Create | Villager (Male) |
| 16:43 | Create | Villager (Male) |
| 17:01 | Build | Outpost |
| 17:13 | Create | Villager (Male) |
| 17:13 | Create | Villager (Male) |
| 17:13 | Create | Villager (Male) |
| 17:27 | Build | Palisade Wall |
| 17:32 | Build | Farm |
| 17:37 | Create | Archer |
| 18:00 | Create | Spearman |
| 18:24 | Build | Farm |
| 18:34 | Build | House |
| 18:38 | Create | Archer |
| 18:38 | Create | Archer |
| 18:46 | Build | House |
| 19:16 | Build | House |
| 19:47 | Build | Town Center |
| 20:08 | Research | Padded Archer Armor |
| 20:15 | Create | Archer |
| 20:15 | Create | Archer |
| 20:16 | Create | Archer |
| 20:33 | Create | Archer |
| 21:25 | Build | Market |
| 21:33 | Create | Villager (Male) |
| 22:19 | Research | Castle Age |
| 23:01 | Create | Archer |
| 23:01 | Create | Archer |
| 23:01 | Create | Archer |
| 23:02 | Create | Archer |
| 24:15 | Research | Horse Collar |
| 24:16 | Research | Horse Collar |
| 24:59 | Age | Castle Age |
| 25:08 | Research | Wheelbarrow |
| 25:15 | Build | Siege Workshop |
| 25:19 | Build | Siege Workshop |
| 25:30 | Research | Bodkin Arrow |
| 26:01 | Build | Farm |
| 26:04 | Build | Farm |
| 26:16 | Create | Mangonel |
| 26:16 | Create | Mangonel |
| 26:16 | Create | Mangonel |
Build order — el mero mero
First 150 of 225 actions detected
| 0:01 | Create | Villager (Male) |
| 0:01 | Create | Villager (Male) |
| 0:01 | Create | Villager (Male) |
| 0:02 | Create | Villager (Male) |
| 0:02 | Create | Villager (Male) |
| 0:03 | Build | House |
| 0:05 | Build | House |
| 1:30 | Create | Villager (Male) |
| 1:47 | Create | Villager (Male) |
| 1:48 | Create | Villager (Male) |
| 1:48 | Create | Villager (Male) |
| 1:50 | Build | Lumber Camp |
| 2:26 | Create | Villager (Male) |
| 2:27 | Create | Villager (Male) |
| 2:48 | Create | Villager (Male) |
| 3:21 | Create | Villager (Male) |
| 3:21 | Create | Villager (Male) |
| 3:39 | Build | House |
| 3:54 | Create | Villager (Male) |
| 3:54 | Create | Villager (Male) |
| 4:03 | Build | Mill |
| 4:19 | Create | Villager (Male) |
| 4:19 | Create | Villager (Male) |
| 4:19 | Create | Villager (Male) |
| 4:22 | Build | Palisade Wall |
| 5:02 | Create | Villager (Male) |
| 5:17 | Create | Villager (Male) |
| 5:51 | Research | Loom |
| 6:09 | Research | Feudal Age |
| 6:09 | Research | Feudal Age |
| 7:01 | Build | House |
| 7:24 | Build | Barracks |
| 8:15 | Create | Villager (Male) |
| 8:26 | Age | Feudal Age |
| 8:35 | Research | Double-Bit Axe |
| 8:42 | Build | Stable |
| 8:48 | Create | Villager (Male) |
| 9:06 | Create | Villager (Male) |
| 9:17 | Build | House |
| 9:26 | Create | Villager (Male) |
| 9:33 | Create | Scout Cavalry |
| 9:49 | Create | Scout Cavalry |
| 9:53 | Build | House |
| 9:57 | Create | Villager (Male) |
| 9:58 | Create | Scout Cavalry |
| 10:04 | Create | Villager (Male) |
| 10:07 | Build | Archery Range |
| 11:35 | Create | Archer |
| 11:35 | Create | Archer |
| 11:37 | Build | Mining Camp |
| 11:41 | Build | House |
| 11:47 | Create | Villager (Male) |
| 12:17 | Create | Villager (Male) |
| 12:24 | Create | Villager (Male) |
| 12:42 | Create | Villager (Male) |
| 13:18 | Create | Villager (Male) |
| 13:53 | Build | Town Center |
| 14:24 | Create | Scout Cavalry |
| 14:46 | Build | Lumber Camp |
| 14:47 | Create | Villager (Male) |
| 14:52 | Create | Villager (Male) |
| 15:24 | Create | Villager (Male) |
| 15:26 | Create | Archer |
| 15:35 | Create | Villager (Male) |
| 15:56 | Create | Villager (Male) |
| 16:03 | Build | Mining Camp |
| 16:17 | Build | Mill |
| 16:31 | Build | Outpost |
| 16:35 | Create | Villager (Male) |
| 16:42 | Build | Outpost |
| 16:46 | Create | Villager (Male) |
| 16:52 | Build | Farm |
| 17:12 | Build | Farm |
| 17:26 | Create | Villager (Male) |
| 17:48 | Create | Archer |
| 18:25 | Build | Farm |
| 18:34 | Create | Villager (Male) |
| 18:35 | Create | Villager (Male) |
| 18:35 | Create | Villager (Male) |
| 18:43 | Research | Town Watch |
| 18:43 | Research | Town Watch |
| 18:43 | Research | Town Watch |
| 18:49 | Build | Farm |
| 18:55 | Build | Farm |
| 19:10 | Create | Villager (Male) |
| 19:24 | Build | Watch Tower |
| 19:40 | Build | Farm |
| 19:40 | Build | Farm |
| 19:40 | Build | Farm |
| 19:41 | Build | Farm |
| 19:41 | Build | Farm |
| 19:41 | Build | Farm |
| 19:41 | Build | Farm |
| 19:42 | Build | Farm |
| 19:42 | Build | Farm |
| 20:20 | Research | Wheelbarrow |
| 20:20 | Research | Wheelbarrow |
| 20:35 | Create | Villager (Male) |
| 21:18 | Build | Outpost |
| 21:38 | Create | Villager (Male) |
| 21:50 | Build | Watch Tower |
| 21:54 | Build | Palisade Wall |
| 21:55 | Build | Palisade Wall |
| 21:55 | Build | Palisade Wall |
| 21:56 | Build | Palisade Wall |
| 21:59 | Create | Villager (Male) |
| 22:17 | Build | Blacksmith |
| 22:20 | Build | Market |
| 22:24 | Research | Horse Collar |
| 22:39 | Create | Villager (Male) |
| 22:56 | Research | Fletching |
| 23:03 | Create | Villager (Male) |
| 23:37 | Build | Watch Tower |
| 23:49 | Build | Farm |
| 23:51 | Build | Farm |
| 23:52 | Create | Villager (Male) |
| 24:13 | Build | Farm |
| 24:16 | Build | Farm |
| 24:21 | Build | Farm |
| 24:26 | Create | Villager (Male) |
| 24:49 | Create | Villager (Male) |
| 25:07 | Create | Villager (Male) |
| 25:11 | Create | Villager (Male) |
| 25:16 | Create | Villager (Male) |
| 25:21 | Build | Watch Tower |
| 25:46 | Create | Villager (Male) |
| 26:08 | Build | Farm |
| 26:24 | Create | Villager (Male) |
| 26:32 | Build | Watch Tower |
| 27:17 | Create | Villager (Male) |
| 27:30 | Build | Farm |
| 27:32 | Build | Farm |
| 27:39 | Research | Castle Age |
| 27:52 | Build | Stable |
| 28:16 | Create | Villager (Male) |
| 28:27 | Research | Scale Barding Armor |
| 29:08 | Research | Bloodlines |
| 30:06 | Age | Castle Age |
| 30:10 | Build | Stable |
| 30:16 | Create | Knight |
| 30:37 | Create | Villager (Male) |
| 30:41 | Create | Knight |
| 30:48 | Create | Knight |
| 30:48 | Create | Knight |
| 30:48 | Create | Knight |
| 31:30 | Build | Farm |
| 32:18 | Build | Lumber Camp |
| 32:58 | Research | Bow Saw |
| 32:58 | Research | Bow Saw |
| 33:31 | Build | House |
Match timeline
| 4:22 | el mero mero · wall_segment Palisade Wall x1 |
| 5:58 | jekyll · first_building Barracks |
| 7:24 | el mero mero · first_building Barracks |
| 8:26 | el mero mero · age_up feudal |
| 8:42 | el mero mero · first_building Stable |
| 9:45 | jekyll · age_up feudal |
| 10:07 | el mero mero · first_building Archery Range |
| 11:47 | jekyll · first_building Archery Range |
| 13:40 | jekyll · wall_segment Palisade Wall x1 |
| 14:11 | jekyll · wall_segment Palisade Wall x1 |
| 15:00 | jekyll · wall_segment Palisade Wall x8 |
| 17:27 | jekyll · wall_segment Palisade Wall x5 |
| 21:54 | el mero mero · wall_segment Palisade Wall x1 |
| 21:55 | el mero mero · wall_segment Palisade Wall x1 |
| 21:55 | el mero mero · wall_segment Palisade Wall x1 |
| 21:56 | el mero mero · wall_segment Palisade Wall x1 |
| 22:17 | jekyll · first_market_buy 100 food |
| 23:10 | el mero mero · first_market_buy 100 stone |
| 24:59 | jekyll · age_up castle |
| 25:15 | jekyll · first_building Siege Workshop |
| 26:21 | jekyll · first_market_sell 100 stone |
| 29:27 | jekyll · first_building Monastery |
| 30:06 | el mero mero · age_up castle |
| 40:11 | el mero mero · first_building Monastery |
| 41:07 | jekyll · first_building Stable |
| 41:36 | el mero mero · first_building Castle |
| 42:01 | jekyll · age_up imperial |
| 42:14 | jekyll · first_building Castle |
| 44:23 | jekyll · wall_segment Palisade Wall x1 |
| 47:53 | el mero mero · first_building Siege Workshop |
[ AI ANALYSIS · 1 CREDIT ]
What really happened in this match?
Wolo.gg analyzes every decision: build order, eco, micro, common mistakes by bracket. Personalized analysis on WhatsApp or Discord in 30 seconds.
Civ guide
Slavs
Perfil
VL BlackAmaru